 Dungeon Crawl Stone Soup version 0.16-a0-3652-g8567522 (webtiles) character file.

11298 Grokuno the Grappler (level 11, -6/84 HPs)
             Began as a Troll Chaos Knight on Jan 17, 2015.
             Was a Plaything of Xom.
             Hit by a large rock thrown by a cyclops (23 damage)
             ... on level 12 of the Dungeon.
             The game lasted 02:07:44 (12965 turns).

Grokuno the Grappler (Troll Chaos Knight)          Turns: 12965, Time: 02:07:44

Health: -6/84      AC: 11    Str: 23    XL:     11   Next: 47%
Magic:  4/4        EV: 12    Int: 10    God:    Xom [...*..]
Gold:   1352       SH:  0    Dex:  9    Spells: 0 memorised, 10 levels left

rFire  . . .     SeeInvis +     s - +0 lightning rod (7/9)
rCold  . . .     Clarity  .     b - +2 robe
rNeg   . . .     SustAb   .     (shield restricted)
rPois  .         Gourm    +     c - +2 hat
rElec  .         Spirit   .     m - +1 cloak
rCorr  .         Warding  .     (gloves unavailable)
rMut   .         Stasis   .     (boots unavailable)
MR     .....                    (no amulet)
Stlth  ++........               z - ring of see invisible
                                u - ring of stealth

@: not resistant to hostile enchantments, unstealthy
A: unfitting armour, claws 3, fast metabolism 3, frail 1, gourmand, regeneration
3, screaming 1, shaggy fur 1, spit poison 1, tough skin 2
a: Spit Poison, Renounce Religion


You were on level 12 of the Dungeon.
You worshipped Xom.
You were a favourite toy of Xom.
You were full.

You visited 2 branches of the dungeon, and saw 13 of its levels.

You collected 1352 gold pieces.

Inventory:

Hand weapons
 N - a +3 hand axe
 R - a +0 hand axe of freezing
Missiles
 o - a javelin of returning
 K - 2 large rocks (quivered)
 V - 5 javelins
Armour
 b - a +2 robe (worn)
 c - a +2 hat (worn)
 m - a +1 cloak (worn)
Rods
 s - a +0 lightning rod (7/9) (weapon)
   (You found it on level 9 of the Dungeon)
 A - a +0 rod of the swarm (14/14)
   (You found it on level 8 of the Dungeon)
Jewellery
 u - a ring of stealth (left claw)
 z - a ring of see invisible (right claw)
 H - an uncursed ring of magical power
 U - a +4 ring of dexterity
Magical devices
 e - a wand of polymorph (9)
 j - a wand of disintegration (14)
 q - a wand of confusion (19)
 t - a wand of polymorph (7)
 v - a wand of random effects (38)
 M - a wand of disintegration (22)
 Q - a wand of frost (21)
Scrolls
 g - a scroll of enchant weapon
 r - 2 scrolls of remove curse
 y - 4 scrolls of identify
 D - 2 scrolls of fog
 E - 3 scrolls of teleportation
 I - 2 scrolls of blinking
 L - a scroll of noise {unknown}
 S - a scroll of fear
 T - a scroll of magic mapping {unknown}
Potions
 d - 2 potions of magic
 f - a potion of lignification
 h - 8 potions of curing
 l - 4 potions of brilliance
 n - 3 potions of restore abilities
 p - a potion of invisibility
 F - a potion of agility
 G - 2 potions of haste
 J - a potion of might
 O - a potion of cure mutation {unknown}
Books
 i - Iskenderun's Collected Works on Flamy Arcane Weapons
   (You found it on level 8 of the Dungeon)

   Spells                             Type                      Level
   a - Flame Tongue                   Conjuration/Fire             1
   b - Conjure Flame                  Conjuration/Fire             3
   c - Delayed Fireball               Conjuration/Fire             7
 w - a book of Battle

   Spells                             Type                      Level
   a - Infusion                       Charms                       1
   b - Shroud of Golubria             Charms/Translocation         2
   c - Song of Slaying                Charms                       2
   d - Spectral Weapon                Hexes/Charms                 3
   e - Regeneration                   Charms/Necromancy            3
Miscellaneous
 x - a phial of floods
Comestibles
 a - 5 meat rations
 k - 10 bread rations
 B - 8 slices of pizza
 C - 4 beef jerkies
 P - 10 royal jellies


   Skills:
 - Level 2.4 Fighting
 + Level 7.2 Throwing
 - Level 1.6 Armour
 + Level 8.5 Dodging
 * Level 13.1 Unarmed Combat


You had 10 spell levels left.
You didn't know any spells.

Dungeon Overview and Level Annotations

Branches:
Dungeon (12/15)            Temple (1/1) D:5            Lair (0/8) D:8
    Orc (0/4) D:12

Altars:
Ashenzari
Cheibriados
Dithmenos
Elyvilon
Fedhas
Gozag
Kikubaaqudgha
Makhleb
Nemelex Xobeh
Okawaru
Qazlal
Ru
Sif Muna
Trog
Vehumet
Xom
Yredelemnul
Zin
The Shining One

Shops:
D:10 :

Annotations:
D:3 runed door


Innate Abilities, Weirdness & Mutations

You are too large for most types of armour.
You have claws for hands.
Your metabolism is lightning-fast.
You like to eat raw meat.
You regenerate.
You are covered in fur (AC +1).
You have very tough skin (AC +2).
You are frail (-10% HP).
You occasionally shout uncontrollably at your foes.
You can spit poison.


Message History

Drink which item? (? for menu, Esc to quit)
You feel better. The elephant tramples you!
* * * LOW HITPOINT WARNING * * *
You hold your ground!
The elephant trunk-slaps you but does no damage.
The elephant changes into a komodo dragon!
Wield which item (- for none, * to show all)? (? for menu, Esc to quit)
s - a +0 lightning rod (9/9) (weapon)
Aiming: Thunderbolt
Press: ? - help, Shift-Dir - straight line, f/p - komodo dragon
Aim: a komodo dragon shaped shifter The lightning hits the komodo dragon.
The komodo dragon is lightly wounded.
You hear a shout! x4
A cyclops comes into view.
The cyclops shouts!
The komodo dragon changes into a jumping spider!
The cyclops throws a large rock.
The large rock hits you!!
You die...
Xom giggles madly!

# ... #.### ........
#....#######.........
#........... .........
#.....%... .........
##.......## .........
#.....)...### #........
#......##.(.####.......C.
#.....# ###...##@# #.....
##..s..# #.... ###...#
#... ##...#.## ..
#.......# # ##.....#.#
##........##
#..........### ######
#.......##...#####....##


You could see a cyclops and a jumping spider shaped shifter.

Vanquished Creatures
  A centaur warrior (D:10)
  An unseen horror (D:11)
  A hill giant (D:12)
  A cyclops (D:11)
  Joseph (D:7)
  A redback zombie (D:11)
  4 trolls
  A two-headed ogre (D:9)
  A basilisk (D:8)
  A spriggan (D:11)
  5 yaks (D:11)
  A shadow (D:12)
  A wyvern (D:6)
  A human (D:8)
  A hippogriff (D:11)
  4 vampire mosquitoes (D:12)
  A golden eye (D:11)
  2 hungry ghosts
  A mottled dragon (D:11)
  2 water moccasins
  A black bear (D:11)
  An ice beast (D:7)
  A porcupine (D:8)
  7 ogres
  3 phantoms
  3 orc warriors
  2 sky beasts
  3 centaurs (D:9)
  2 crocodiles
  A big kobold (D:12)
  2 giant frogs
  2 scorpions (D:7)
  8 killer bees
  5 wights (D:9)
  3 goliath beetles
  A quasit (D:12)
  2 crimson imps
  2 centaur skeletons
  2 jellies
  Crazy Yiuf (D:2)
  3 orc priests
  6 hounds
  3 giant frog skeletons
  2 iguanas
  3 orc wizards
  8 worker ants
  14 sheep
  A hound skeleton (D:8)
  A worker ant zombie (D:9)
  4 gnolls (D:3)
  A river rat (D:9)
  A shadow imp (D:5)
  11 adders
  2 giant mites
  3 worms
  An ufetubus (D:7)
  An adder zombie (D:7)
  An adder skeleton (D:10)
  7 giant geckos
  An ooze (D:7)
  16 orcs
  13 bats
  14 goblins
  16 hobgoblins
  13 jackals
  15 kobolds
  4 quokkas
  A ball python (D:1)
  8 giant cockroaches
  2 giant newts
  2 giant spores (D:6)
  16 rats
  5 ballistomycetes (D:6)
  2 fungi (D:8)
285 creatures vanquished.

Vanquished Creatures (collateral kills)
  A shadow (D:12)
  5 wights (D:8)
  3 orcs
  A rat (D:7)
  A butterfly (D:11)
11 creatures vanquished.

Vanquished Creatures (others)
  The ghost of Zooty the Nimble, a powerful SpAE of Zin (D:11)
  A mummy (D:7)
  A shadow imp (D:8)
  2 orcs
5 creatures vanquished.

Grand Total: 301 creatures vanquished

Notes
Turn   | Place    | Note
--------------------------------------------------------------
     0 | D:1      | Grokuno, the Troll Chaos Knight, began the quest for the Orb.
     0 | D:1      | Reached XP level 1. HP: 22/22 MP: 1/1
   214 | D:1      | Reached XP level 2. HP: 29/29 MP: 1/1
   289 | D:1      | Reached skill level 1 in Dodging
   403 | D:1      | XOM: divination: detect items
   569 | D:1      | XOM: harmless Trmt miscast
   660 | D:1      | XOM: harmless Ice miscast
   766 | D:1      | XOM is BORED!
   766 | D:1      | XOM: noise
  1160 | D:2      | XOM: potion effect (agility)
  1163 | D:2      | Reached skill level 4 in Unarmed Combat
  1163 | D:2      | Reached XP level 3. HP: 28/36 MP: 2/2
  1277 | D:2      | XOM: divination: detect creatures
  1530 | D:2      | Noticed Crazy Yiuf
  1530 | D:2      | XOM: confuse monster(s)
  1539 | D:2      | Killed Crazy Yiuf
  1539 | D:2      | Reached XP level 4. HP: 33/44 MP: 2/2
  1668 | D:2      | XOM is BORED!
  1668 | D:2      | XOM: silly message
  1749 | D:2      | Found a glowing golden altar of the Shining One.
  1827 | D:3      | Reached XP level 5. HP: 18/50 MP: 2/2
  1871 | D:3      | XOM: harmless Conj miscast
  1999 | D:3      | XOM: harmless Hex miscast
  2166 | D:3      | XOM: harmless Necr miscast
  2203 | D:3      | XOM: divination: detect creatures
  2206 | D:3      | Reached skill level 5 in Unarmed Combat
  2418 | D:3      | XOM: cast spell 'Summon Butterflies'
  2466 | D:3      | Found a glowing golden altar of the Shining One.
  2480 | D:3      | Found a runed door.
  2480 | D:3      | Noticed an angel
  2616 | D:3      | XOM is BORED!
  2616 | D:3      | XOM: harmless Hex miscast
  2695 | D:3      | Found a blossoming altar of Fedhas.
  2697 | D:3      | Found an ancient bone altar of Kikubaaqudgha.
  2762 | D:3      | XOM: harmless Chrm miscast
  2921 | D:4      | Reached XP level 6. HP: 59/59 MP: 3/3
  3133 | D:4      | Noticed an ogre
  3143 | D:4      | XOM: potion effect (berserk rage)
  3146 | D:4      | Killed an ogre
  3336 | D:4      | XOM: enchant monster (bad)
  3343 | D:4      | Reached skill level 1 in Throwing
  3343 | D:4      | Reached skill level 6 in Unarmed Combat
  3347 | D:4      | XOM: potion effect (haste)
  3459 | D:4      | XOM: polymorph orc -> giant cockroach
  3488 | D:4      | XOM: vitrification
  3504 | D:4      | XOM: medium Ice miscast
  3648 | D:4      | XOM: medium Tloc miscast
  3776 | D:4      | XOM: silly message
  4102 | D:5      | Entered Level 5 of the Dungeon
  4131 | D:5      | Found a staircase to the Ecumenical Temple.
  4136 | Temple   | Entered the Ecumenical Temple
  4270 | D:5      | XOM: give mutation
  4270 | D:5      | Gained mutation: You are frail (-10% HP). [Xom's mischief]
  4422 | D:5      | XOM: harmless Air miscast
  4483 | D:5      | Reached XP level 7. HP: 56/59 MP: 3/3
  4516 | D:5      | XOM: summons 2 hostile shadow creatures
  4538 | D:5      | Gained mutation: You occasionally shout uncontrollably at your foes. [mutagenic meat]
  4539 | D:5      | Gained mutation: Your body is slowly deteriorating. [mutagenic meat]
  4540 | D:5      | Gained mutation: You regenerate. [mutagenic meat]
  4745 | D:5      | XOM: colour smoke trail
  4757 | D:5      | XOM: medium Necr miscast
  4798 | D:5      | Found a glowing silver altar of Zin.
  4882 | D:5      | XOM: divination: magic mapping
  5013 | D:5      | XOM: divination: detect items
  5026 | D:5      | XOM: harmless Chrm miscast
  5472 | D:5      | Reached skill level 7 in Unarmed Combat
  5544 | D:5      | XOM: silly message
  5945 | D:6      | XOM: fog
  5947 | D:6      | Noticed a wyvern
  5947 | D:6      | a black bear changed into a wyvern
  5947 | D:6      | XOM: polymorph black bear -> wyvern
  5953 | D:6      | Killed a wyvern
  5953 | D:6      | Reached XP level 8. HP: 43/66 MP: 3/3
  6079 | D:6      | Found a radiant altar of Vehumet.
  6743 | D:7      | XOM: god gift: 11 silver sling bullets
  6807 | D:7      | Found a sacrificial altar of Ru.
  6820 | D:7      | Reached skill level 5 in Dodging
  6820 | D:7      | Reached skill level 8 in Unarmed Combat
  6823 | D:7      | Noticed Joseph
  6834 | D:7      | XOM: enchant monster (good)
  6837 | D:7      | Killed Joseph
  6904 | D:7      | XOM: vitrification
  7012 | D:7      | Reached skill level 9 in Unarmed Combat
  7053 | D:7      | XOM: god gift: 700 gold pieces
  7249 | D:7      | XOM: destruction
  7279 | D:7      | XOM: fog
  7302 | D:7      | Reached XP level 9. HP: 46/72 MP: 4/4
  7455 | D:8      | XOM: enchant monster (good)
  7471 | D:7      | XOM: enchant monster (good)
  7583 | D:8      | Found a staircase to the Lair.
  7595 | D:8      | XOM: enchant monster (bad)
  7603 | D:8      | XOM: confusion (+ monsters)
  7605 | D:8      | XOM: enchant monster (good)
  7612 | D:8      | XOM: confuse monster(s)
  7639 | D:8      | XOM: confusion
  7685 | D:8      | Found a shattered altar of Ashenzari.
  7725 | D:8      | XOM: god gift: 22 gold pieces
  7744 | D:8      | Reached skill level 10 in Unarmed Combat
  7877 | D:8      | XOM: 5-stop teleportation journey
  7950 | D:8      | XOM: 11-stop teleportation journey
  8402 | D:8      | XOM is BORED!
  8402 | D:8      | XOM: summons 4 hostile demons
  8403 | D:8      | Noticed a rust devil
  8551 | D:8      | Identified Iskenderun's Collected Works on Flamy Arcane Weapons
  8749 | D:8      | XOM: summons 9 friendly demons
  8814 | D:9      | XOM: enchant monster (good)
  8850 | D:9      | Found an ancient bone altar of Kikubaaqudgha.
  8902 | D:9      | XOM: mild Summ miscast
  8926 | D:9      | XOM: vitrification
  8944 | D:9      | Reached XP level 10. HP: 53/79 MP: 4/4
  9039 | D:9      | Reached skill level 5 in Throwing
  9213 | D:9      | XOM: vitrification
  9246 | D:9      | Identified a +0 rod of the swarm (14/14) (You found it on level 8 of the Dungeon)
  9353 | D:9      | Found an opulent altar of Gozag.
  9353 | D:9      | Found a sparkling altar of Nemelex Xobeh.
  9400 | D:9      | XOM: summons 2 hostile shadow creatures
  9434 | D:9      | XOM: snakes to sticks
  9437 | D:9      | Reached skill level 11 in Unarmed Combat
  9575 | D:10     | Entered Level 10 of the Dungeon
  9677 | D:10     | XOM: 9-stop teleportation journey
  9697 | D:10     | Noticed a centaur warrior
  9708 | D:10     | Killed a centaur warrior
  9803 | D:10     | Found Kliczoax's Book Shoppe.
  9824 | D:10     | XOM: give mutation
  9824 | D:10     | Gained mutation: You can spit poison. [Xom's grace]
  9843 | D:10     | XOM: scenery: create altars
 10258 | D:10     | Identified a scroll of acquirement
 10439 | D:10     | XOM: god gift: scroll labeled LEIKIYZ ER ANA
 10458 | D:10     | XOM: scenery: 2 doors close
 10790 | D:11     | Found a labyrinth entrance.
 10834 | D:11     | XOM: swap monsters
 10840 | D:11     | XOM: polymorph yak -> spriggan
 10841 | D:11     | XOM: polymorph yak -> golden eye
 10918 | D:11     | XOM: vitrification
 10968 | D:11     | XOM is BORED!
 10968 | D:11     | XOM: medium Erth miscast
 11064 | D:11     | Noticed a cyclops
 11067 | D:11     | XOM: divination: detect items
 11071 | D:11     | Killed a cyclops
 11071 | D:11     | Reached skill level 12 in Unarmed Combat
 11196 | D:11     | Noticed an unseen horror
 11208 | D:11     | Killed an unseen horror
 11272 | D:11     | Reached XP level 11. HP: 58/84 MP: 4/4
 11635 | D:11     | XOM: divination: detect creatures
 11699 | D:11     | XOM: cast spell 'Summon Butterflies'
 11701 | D:11     | XOM: confuse monster(s)
 11702 | D:11     | XOM: smoke on damage
 11726 | D:11     | XOM: god gift: 11 royal jellies
 11781 | D:11     | Noticed Zooty's ghost (powerful SpAE)
 11809 | D:11     | Killed Zooty's ghost
 11958 | D:11     | XOM: silly message
 12236 | D:11     | XOM: god gift: 53 gold pieces
 12264 | D:12     | XOM: give mutations
 12264 | D:12     | Lost mutation: You occasionally shout uncontrollably at your foes. [Xom's mischief]
 12264 | D:12     | Gained mutation: You occasionally shout uncontrollably at your foes. [Xom's mischief]
 12264 | D:12     | Lost mutation: Your body is slowly deteriorating. [Xom's mischief]
 12437 | D:12     | XOM: divination: detect items
 12449 | D:12     | Found a staircase to the Orcish Mines.
 12460 | D:12     | XOM: destruction
 12464 | D:12     | XOM: smoke on damage
 12466 | D:12     | XOM: vitrification
 12469 | D:12     | XOM: enchant monster (good)
 12474 | D:12     | XOM: confuse monster(s)
 12664 | D:12     | Reached skill level 13 in Unarmed Combat
 12939 | D:12     | Noticed a hill giant
 12941 | D:12     | Noticed a hill giant
 12945 | D:12     | a hill giant changed into a glowing shapeshifter
 12945 | D:12     | XOM: polymorph hill giant -> glowing shapeshifter
 12953 | D:12     | Killed a hill giant
 12965 | D:12     | Hit by a large rock thrown by a cyclops

Action                   |  1- 3 |  4- 6 |  7- 9 | 10-12 || total
-------------------------+-------+-------+-------+-------++-------
Melee: Unarmed           |   104 |   206 |   316 |   268 ||   894
Throw: Javelin           |       |    12 |    86 |     8 ||   106
       Large rock        |       |       |       |    11 ||    11
Evoke: Rod               |       |       |       |     8 ||     8
       Wand              |       |       |       |     2 ||     2
  Use: Scroll            |       |    11 |     1 |     5 ||    17
       Potion            |       |     5 |     4 |     8 ||    17
 Stab: Sleeping          |       |     1 |     2 |     3 ||     6
       Paralysed         |       |       |     3 |     1 ||     4
       Confused          |       |       |     1 |     3 ||     4
       Distracted        |       |       |       |     1 ||     1
  Eat: Chunk             |    13 |    23 |    36 |    40 ||   112
       Meat ration       |       |     1 |       |       ||     1
       Pizza             |       |       |     1 |     2 ||     3
       Bread ration      |       |       |     1 |       ||     1
       Fruit             |       |       |     1 |       ||     1
       Royal jelly       |       |       |       |     1 ||     1
